 Dungeon Sprint DCSS version 0.16-a0-3855-gd2600ac (webtiles) character file.

12 BluebellGnoll the Charlatan (level 3, 11/30 HPs)
             Began as a Deep Dwarf Healer on Jan 31, 2015.
             Was a Believer of Elyvilon.
             Quit the game in the Dungeon (Sprint VI: "Thunderdome").
             The game lasted 00:03:58 (196 turns).

BluebellGnoll the Charlatan (Deep Dwarf Healer)      Turns: 196, Time: 00:03:59

Health: 11/30      AC:  3    Str: 16    XL:     3   Next: 5%
Magic:  5/5        EV: 12    Int: 12    God:    Elyvilon [**....]
Gold:   10         SH:  0    Dex: 15    Spells: 0 memorised, 2 levels left

rFire  . . .     SeeInvis .     n - +0 broad axe
rCold  . . .     Clarity  .     a - +1 robe
rNeg   . . .     SustAb   .     (no shield)
rPois  .         Gourm    .     (no helmet)
rElec  +         Spirit   .     (no cloak)
rCorr  .         Warding  .     (no gloves)
rMut   .         NoTele   +     (no boots)
MR     .....                    o - amulet of Mnoas {Regen+ Dex+5}
Stlth  +.........               (no ring)
                                q - ring "Twomum" {rElec Dex-2 Slay+2} (curse)

@: non-regenerating, not resistant to hostile enchantments, very unstealthy
A: damage resistance, recharge devices, sense surroundings 1, slow healing 3
a: Device Recharging, Lesser Healing, Lesser Self-Healing, Divine Protection,
Purification, Renounce Religion


You were in the Dungeon.
You worshipped Elyvilon.
Elyvilon was pleased with you.
You were not hungry.

You visited 1 branch You collected 220 gold pieces.
You spent 210 gold pieces at shops.

Inventory:

Hand weapons
 n - a +0 broad axe (weapon)
Armour
 a - a +1 robe (worn)
Jewellery
 o - the amulet of Mnoas (around neck) {Regen+ Dex+5}
   (You bought it in a shop in the Dungeon)

   [amulet of regeneration]

   It affects your dexterity (+5).
   It increases your rate of regeneration.
 q - the cursed ring "Twomum" (left hand) {rElec Dex-2 Slay+2}
   (You bought it in a shop in the Dungeon)

   [ring of dexterity]

   It affects your dexterity (-2).
   It affects your accuracy and damage with ranged weapons and melee attacks
   (+2).
   It insulates you from electricity.
   It has a curse placed upon it.
Magical devices
 d - a wand of heal wounds (5)
 j - a wand of cold (5)
 k - a wand of fire (2)
Scrolls
 i - 4 scrolls of blinking
 l - 3 scrolls of fog
Potions
 b - 2 potions of curing
 c - 5 potions of heal wounds
 e - 4 potions of haste
 g - 2 potions of magic
 h - a potion of berserk rage
 m - a potion of resistance
Comestibles
 f - 2 bread rations
 p - 4 chunks of flesh


   Skills:
 - Level 0.8 Fighting
 + Level 4.4 Axes
 - Level 2.2 Dodging
 - Level 4.2 Invocations
 - Level 5.4 Evocations


You had 2 spell levels left.
You didn't know any spells.

Dungeon Overview and Level Annotations

Branches:
Dungeon (1/1)

Altars:
Cheibriados
Dithmenos
Elyvilon
Fedhas
Gozag
Kikubaaqudgha
Makhleb
Nemelex Xobeh
Okawaru
Qazlal
Ru
Sif Muna
Trog
Vehumet
Xom
Yredelemnul
Zin
The Shining One
Jiyva
Lugonu

Shops:
D *[%??*?*:[((!!!!


Innate Abilities, Weirdness & Mutations

You are resistant to damage.
You can recharge devices by infusing magical energy.
You passively map a small area around you.
You do not heal naturally.


Message History

Okay, then.
Unknown command.
The giant spore waves its rhizomes.
The giant spore explodes!
A fungus suddenly grows. x2
The explosion of spores engulfs you!
You are confused.
Ouch! That really hurt!
An active ballistomycete comes into view.
Unknown command.
You hit the ballistomycete.
The ballistomycete is lightly damaged.
You feel less confused.
There is a bloodstained altar of Trog here.
There is an ancient bone altar of Kikubaaqudgha here.
There is an entrance to Caron's Premium Goods here.
There is an entrance to Cliast's Miscellaneous Merchandise here.
Search for what [? for help]? throw Can't find anything matching that.
Are you sure you want to abandon this character and quit the game? (Confirm with "yes".)

##.............###............
###∩.......P8.# #.8.......)∩#
##∩__....P..###......___∩##
######.8.........8.######
#⌠...........⌠#
###.........### #_......._#
#_........# #.@......_#
#∩.......∩# ##∩.....∩##
##.....## ##⌠⌠⌠## #####


You could see an active ballistomycete.

Vanquished Creatures
  Jessica (D)
  An adder (D)
  An orc (D)
  A rat (D)
4 creatures vanquished.

Vanquished Creatures (others)
  A giant spore (D)
1 creature vanquished.

Grand Total: 5 creatures vanquished

Notes
Turn   | Place    | Note
--------------------------------------------------------------
     0 | D        | BluebellGnoll, the Deep Dwarf Healer, began the quest for the Orb.
     0 | D        | Reached XP level 1. HP: 16/16 MP: 2/2
     1 | D        | Found a deep blue altar of Sif Muna.
     1 | D        | Found a white marble altar of Elyvilon.
     2 | D        | Found a viscous altar of Jiyva.
     3 | D        | Found a sparkling altar of Nemelex Xobeh.
     3 | D        | Found an iron altar of Okawaru.
     4 | D        | Found Skatt's Do-It-Yourself Clinic.
     4 | D        | Found a bloodstained altar of Trog.
     4 | D        | Found Scheiv's Weapon Rack.
     4 | D        | Found Crae's Basic Armour.
     5 | D        | Found an ancient bone altar of Kikubaaqudgha.
     5 | D        | Round 1.
     8 | D        | Found Cliast's Miscellaneous Merchandise.
    10 | D        | Reached skill level 4 in Invocations
    11 | D        | Found Caron's Premium Goods.
    13 | D        | Bought a +0 broad axe for 120 gold pieces
    19 | D        | Found a blossoming altar of Fedhas.
    20 | D        | Found a glowing golden altar of the Shining One.
    21 | D        | Found Riseos' Identification Station.
    22 | D        | Found Siuwkup's Advanced Armour.
    23 | D        | Found an opulent altar of Gozag.
    23 | D        | Found a sacrificial altar of Ru.
    23 | D        | Found a burning altar of Makhleb.
    24 | D        | Found Najiungo's Jewellery.
    24 | D        | Found Dayss' Bee Food.
    30 | D        | Bought an ancient platinum amulet for 45 gold pieces
    30 | D        | Identified the amulet of Mnoas {Regen+ Dex+5} (You bought it in a shop in the Dungeon)
    64 | D        | Found Fompimma's Bottled Wisdom.
    65 | D        | Found a glowing silver altar of Zin.
    66 | D        | Found Shrel's Distillery.
    66 | D        | Found a snail-covered altar of Cheibriados.
    67 | D        | Found a radiant altar of Vehumet.
    68 | D        | Found Boataw's Distillery.
    81 | D        | Found a stormy altar of Qazlal.
    83 | D        | Found a basalt altar of Yredelemnul.
    83 | D        | Found Ghyra's Staff Store.
    83 | D        | Found Jaivid's Must-Have Magic.
    84 | D        | Found a corrupted altar of Lugonu.
    85 | D        | Found a shadowy altar of Dithmenos.
    85 | D        | Found Nosch's Magic Scroll Shop.
    86 | D        | Found a shimmering altar of Xom.
    87 | D        | Found Qoubre's Magic Scroll Shop.
   106 | D        | Reached skill level 5 in Evocations
   106 | D        | Reached XP level 2. HP: 24/24 MP: 0/4
   109 | D        | Noticed Jessica
   111 | D        | Killed Jessica
   111 | D        | Reached XP level 3. HP: 30/30 MP: 0/5
   134 | D        | Arena points: 12 (+12) [x2]
   173 | D        | Bought a vibrating brass ring for 45 gold pieces
   173 | D        | Identified the cursed ring "Twomum" {rElec Dex-2 Slay+2} (You bought it in a shop in the Dungeon)
   176 | D        | Round 2.
   196 | D        | Quit the game

Action                   || total
-------------------------++-------
Melee: Broad axe         ||     2
Invok: Lesser Healing    ||     5
Evoke: Wand              ||     3
